 Dungeon Crawl Stone Soup version 0.19-a0-835-gf140595 (webtiles) character file.

879 DevlanMud the Slasher (level 7, -3/60 HPs)
             Began as a Minotaur Gladiator on July 1, 2016.
             Was an Initiate of Hepliaklqana.
             Killed by divine providence
             ... invoked by an orc priest
              (13 damage)
             ... on level 6 of the Dungeon.
             The game lasted 00:14:41 (4804 turns).

DevlanMud the Slasher (Minotaur Gladiator)          Turns: 4804, Time: 00:14:42

Health: -3/60      AC: 12    Str: 20    XL:     7   Next: 75%
Magic:  6/6        EV: 12    Int:  6    God:    Hepliaklqana [......]
Gold:   323        SH:  0    Dex: 11    Spells: 0 memorised, 6 levels left

rFire  . . .     SeeInvis .     a - +0 long sword
rCold  . . .     Gourm    .     n - +0 scale mail
rNeg   . . .     Faith    .     (no shield)
rPois  +         Spirit   .     c - +0 hat
rElec  .         Dismiss  .     p - +2 cloak {rPois}
rCorr  .         Reflect  .     i - +0 pair of gloves
SustAt +         Harm     .     (no boots)
MR     .....                    (no amulet)
Stlth  ..........               (no ring)
                                m - ring of sustain attributes

@: not resistant to hostile enchantments, extremely unstealthy
A: retaliatory headbutt, horns 2
a: Recall Ancestor, Ancestor Identity, Renounce Religion


You were on level 6 of the Dungeon.
You worshipped Hepliaklqana.
Hepliaklqana was noncommittal.
You were not hungry.

You visited 1 branch of the dungeon, and saw 6 of its levels.

You collected 323 gold pieces.

Inventory:

Hand Weapons
 a - a +0 long sword (weapon)
Missiles
 d - 3 throwing nets (quivered)
 l - 40 bolts
Armour
 c - a +0 hat (worn)
 i - a +0 pair of gloves (worn)
 n - a +0 scale mail (worn)
 p - a +2 cloak of poison resistance (worn)
Jewellery
 k - an uncursed ring of ice
 m - a ring of sustain attributes (left hand)
Wands
 h - a wand of disintegration (0/24)
 o - a wand of slowing (18/48)
Scrolls
 g - 3 scrolls of identify
 j - 4 scrolls of enchant weapon
 s - 2 scrolls of recharging
 t - 2 scrolls of remove curse
Potions
 e - a potion of curing
Comestibles
 b - 13 chunks of flesh
 f - 4 bread rations
 q - a meat ration


   Skills:
 + Level 4.7 Fighting
 * Level 7.5 Long Blades
 - Level 2.0 Throwing
 + Level 5.6 Armour
 + Level 4.9 Dodging


You had 6 spell levels left.
You didn't know any spells.

Dungeon Overview and Level Annotations

Branches:
Dungeon (6/15)             Temple (0/1) D:5

Altars:
Cheibriados
Gozag
Hepliaklqana
Nemelex Xobeh
Pakellas
Sif Muna
Vehumet

Annotations:
D:4 eALc's ghost, novice DsFi


Innate Abilities, Weirdness & Mutations

You reflexively headbutt those who attack you in melee.
You have a pair of horns on your head.


Message History

The orc barely misses you.
You hit the orc priest but do no damage.
You headbutt the orc priest!
The orc priest is severely wounded.
The orc priest looks braver for a moment.
The orc closely misses you.
You hit the orc priest.
You headbutt the orc priest, but do no damage.
The orc priest is severely wounded.
The orc priest hits you with a whip!
* * * LOW HITPOINT WARNING * * *
The orc barely misses you.
You barely miss the orc priest. Your headbutt misses the orc priest.
The orc priest is severely wounded.
You barely miss the orc priest.
The orc priest is severely wounded.
The orc hits you but does no damage.
The orc priest calls down the wrath of Beogh upon you.
Beogh smites you!
You die...

....... .$.....
##.... .......
######... .......
......... .......
#######....
$......
#....>.....
.......##
###.#####....
......oF######...#
#.... #oo@...#.###
#.... ######...#
##... #.### ##..
### ###


You could see a giant frog, an orc priest and 2 orcs.

Vanquished Creatures
  Prince Ribbit (D:6)
  An orc warrior (D:6)
  An orc priest (D:4)
  2 hounds
  A jelly (D:5)
  An iguana (D:5)
  A worker ant (D:5)
  6 adders
  An adder zombie (D:5)
  2 worms
  A dart slug (D:2)
  A giant gecko (D:3)
  12 orcs
  3 ball pythons
  2 giant cockroaches (D:4)
  10 goblins
  8 hobgoblins
  3 quokkas
  7 bats
  2 giant newts (D:2)
  5 kobolds
  4 rats
75 creatures vanquished.

Vanquished Creatures (collateral kills)
  A hungry ghost (D:5)
  A phantom (D:6)
  A hound (D:5)
  A giant frog skeleton (D:5)
  An orc (D:5)
5 creatures vanquished.

Vanquished Creatures (others)
  2 ancestors
2 creatures vanquished.

Grand Total: 82 creatures vanquished

Notes
Turn   | Place    | Note
--------------------------------------------------------------
     0 | D:1      | DevlanMud the Minotaur Gladiator began the quest for the Orb.
     0 | D:1      | Reached XP level 1. HP: 18/18 MP: 0/0
   380 | D:1      | Reached skill level 4 in Long Blades
   667 | D:1      | Reached XP level 2. HP: 23/25 MP: 1/1
  1087 | D:2      | Reached XP level 3. HP: 30/30 MP: 2/2
  1136 | D:2      | Found a sparkling altar of Nemelex Xobeh.
  1282 | D:2      | Found a deep blue altar of Sif Muna.
  1461 | D:2      | Reached skill level 5 in Long Blades
  1542 | D:2      | Reached skill level 1 in Armour
  1768 | D:2      | Found a radiant altar of Vehumet.
  1874 | D:3      | Reached XP level 4. HP: 37/37 MP: 3/3
  2888 | D:4      | Noticed eALc's ghost (novice DsFi)
  3512 | D:4      | Reached XP level 5. HP: 33/45 MP: 4/4
  3635 | D:4      | Found an oddly glowing altar of Pakellas.
  3789 | D:4      | Found a hazy altar of Hepliaklqana.
  3793 | D:4      | Became a worshipper of Hepliaklqana
  3932 | D:5      | Entered Level 5 of the Dungeon
  3983 | D:5      | Noticed a hungry ghost
  4007 | D:5      | Killed a hungry ghost
  4007 | D:5      | Reached skill level 6 in Long Blades
  4007 | D:5      | Reached XP level 6. HP: 44/52 MP: 5/5
  4256 | D:5      | Found a snail-covered altar of Cheibriados.
  4360 | D:5      | Found an opulent altar of Gozag.
  4565 | D:5      | Found a staircase to the Ecumenical Temple.
  4672 | D:6      | Reached XP level 7. HP: 59/59 MP: 6/6
  4695 | D:6      | Reached skill level 7 in Long Blades
  4711 | D:6      | Noticed Prince Ribbit
  4724 | D:6      | Killed Prince Ribbit
  4724 | D:6      | Reached skill level 5 in Armour
  4804 | D:6      | Killed from afar by an orc priest

Vault maps used:
D:1:      kilobyte_arrival_exit_the_forest
D:2:      lemuel_coloured_pillars_altar, nemelex_xobeh_ov_fountains_minmay,
          overflow_temple_1_default, first_bread, uniq_crazy_yiuf_cottage
D:3:      grunt_decor_one_mirror
D:4:      old_standard_altar, kennysheep_mini, grunt_tough_drop
D:5:      cheibriados_altar_wand_db, grunt_gozag_breadcrumbs
D:6:      yredelemnul_altar_generic, serial_shops, shop, portal_sewer_entry_e,
          minmay_fountain_box, uniq_prince_ribbit1

Skill      XL: |  1  2  3  4  5  6  7 |
---------------+----------------------+-----
Long Blades    | 4 5 6 7 |  7.5
Armour         | 1 2 3 4 5 |  5.6
Fighting       | 3 4 |  4.7
Dodging        | 4 |  4.9
Throwing       | |  2.0

Action                   |  1- 3 |  4- 6 |  7- 9 || total
-------------------------+-------+-------+-------++-------
Melee: Long sword        |    68 |   142 |    37 ||   247
       Headbutt          |    10 |    32 |     5 ||    47
Throw: Throwing net      |       |     1 |       ||     1
Invok: Recall Ancestor   |       |     1 |       ||     1
Evoke: Wand              |       |       |     2 ||     2
  Use: Potion            |     4 |     1 |       ||     5
       Scroll            |     4 |     4 |       ||     8
  Eat: Chunk             |     3 |     8 |     1 ||    12
       Pizza             |       |     2 |       ||     2
       Royal jelly       |       |     1 |       ||     1
Armor: Leather armour    |    11 |       |       ||    11
       Scale mail        |    13 |    49 |    14 ||    76
Dodge: Dodged            |    29 |    69 |    17 ||   115
